 Dungeon Crawl Stone Soup version 0.30.1-4-g462c640d31 (webtiles) character file.

Game seed: 12126690138170730490

1917 booth the Chopper (level 8, -5/64 HPs)
             Began as a Demonspawn Gladiator on Sept 15, 2023.
             Was a Follower of Okawaru.
             Slain by a troll (8 damage)
             ... on level 6 of the Dungeon on Sept 18, 2023.
             The game lasted 00:39:12 (6439 turns).

booth the Chopper (Demonspawn Gladiator)            Turns: 6439, Time: 00:39:12

Health: -5/64      AC: 10    Str: 14    XL:     8   Next: 95%
Magic:  8/8        EV: 12    Int: 11    God:    Okawaru [*.....]
Gold:   333        SH:  0    Dex: 14    Spells: 7/7 levels left

rFire   . . .        a - +3 war axe
rCold   . . .        (no shield)
rNeg    . . .        g - +0 ring mail
rPois   .            (helmet restricted)
rElec   .            y - +1 cloak
rCorr   .            (no gloves)
SInv    +            (no boots)
Will    +....        (no amulet)
Stlth   +            r - ring of see invisible
HPRegen 0.30/turn    A - ring of willpower
MPRegen 0.11/turn

%: no passive effects
@: no status effects
A: antennae 1, molten scales 2, foul stench 2, weak 1
a: Renounce Religion, Heroism


You were on level 6 of the Dungeon.
You worshipped Okawaru.
Okawaru was aware of your devotion.
You visited 2 branches of the dungeon, and saw 7 of its levels.

You collected 333 gold pieces.

Inventory:

Hand Weapons
 a - a +3 war axe (weapon)
 m - a +0 mace
Missiles
 d - 3 throwing nets
 e - 2 javelins
 p - 15 poisoned darts (quivered)
Armour
 g - a +0 ring mail (worn)
 u - a +0 scale mail
 y - a +1 cloak (worn)
Jewellery
 r - a ring of see invisible (left hand)
 x - a ring of fire
 A - a ring of willpower (right hand)
 B - a ring of fire
Wands
 k - a wand of polymorph (4)
 o - a wand of roots (9)
Scrolls
 t - a scroll of amnesia {unknown}
Potions
 b - 3 potions of resistance
 c - a potion of magic
 f - a potion of cancellation
 i - a potion of lignification
 j - a potion of attraction
 l - a potion of berserk rage {unknown}
 w - 2 potions of haste
 z - 3 potions of curing


   Skills:
 + Level 5.9 Fighting
 * Level 6.4 Axes
 + Level 5.3 Throwing
 + Level 5.8 Dodging


You had 7 spell levels left.
You didn't know any spells.
Your spell library was empty.

Dungeon Overview and Level Annotations

Branches:
Dungeon (6/15)             Temple (1/1) D:5

Altars:
Ashenzari
Cheibriados
Dithmenos
Fedhas
Hepliaklqana
Makhleb
Nemelex Xobeh
Okawaru
Qazlal
Ru
Sif Muna
Trog
Uskayaw
Vehumet
Xom
Yredelemnul

Shops:
D:1 [

Annotations:
D:3 3 runed translucent doors, mactray's ghost, weakling GnWn; wingedge's ghost, weakling DgEE


Innate Abilities, Weirdness & Mutations

You have a pair of small antennae on your head.
You are mostly covered in molten scales. (AC +3)
You sometimes emit foul miasma when damaged in melee.
You are weak. (Str -2)


Message History

Aim: an orc warrior, wielding a +0 glaive and wearing a +0 chain mail (60% to hit)
You throw a javelin. The javelin barely misses the hound.
The javelin pierces through the orc warrior.
The orc warrior is lightly wounded.
The hound bites you but does no damage. The ice beast hits you.
The ice beast freezes you! The orc warrior closely misses you.
The troll bites you but does no damage. The troll misses you. x2
The hound misses you.
You closely miss the hound.
The hound is almost dead.
You hit the troll. You barely miss the ice beast. The hound barely misses you.
The orc warrior closely misses you. The ice beast barely misses you.
The troll closely misses you. x3; The hound barely misses you.
Okay, then.
You feel much better.
The orc warrior hits you from afar with a +0 glaive.
The ice beast hits you but does no damage.
The troll bites you! The troll claws you but does no damage.
The troll misses you. The hound bites you but does no damage.
You slash the hound!
You kill the hound!
Okawaru accepts your kill.
You hit the troll but do no damage. You slash the ice beast!
The ice beast closely misses you. The troll misses you. x2
The troll closely misses you.
The orc warrior hits you from afar with a +0 glaive.
The orc warrior hits you from afar with a +0 glaive!
* * * LOW HITPOINT WARNING * * *
The troll bites you but does no damage. The troll claws you.
* * * LOW HITPOINT WARNING * * *
The troll claws you but does no damage. The ice beast hits you.
* * * LOW HITPOINT WARNING * * *
The ice beast freezes you.
* * * LOW HITPOINT WARNING * * *
Okay, then.
Okay, then.
As you read the scroll labelled YMIRIA ZOSUXI, it crumbles to dust.
You hear a loud clanging noise!
It was a scroll of noise.
The ice beast barely misses you. The troll bites you!
You die...

###################
####...#.......#.....#
#........##@##....##.##
#.#...####T†Y####.....#
#...###[.#.o.#..###...##
#..##.#..#...#..#.##...#
#..'†(#..#...#..#).'.#.#
#..##.#..#...#.(#.##...# #
#...###.†#...#.†###..#.# #
#.....##'#?((#'##......# #
##.##....#####....###..#####


You could see a troll, an orc warrior and an ice beast.

Vanquished Creatures
  Sigmund (D:2)
  Menkaure (D:6)
  An orc warrior (D:4)
  An ice beast (D:4)
  A black bear (D:5)
  3 phantoms
  A kobold brigand (D:6)
  2 scorpions (D:6)
  3 jellies
  An orc priest (D:5)
  4 hounds
  Jessica (D:3)
  3 sleepcaps (D:6)
  Natasha (thrice) (D:2)
  4 iguanas
  4 orc wizards
  Robin (D:3)
  6 gnolls
  12 adders
  A shadow imp (D:6)
  An ufetubus (D:4)
  4 worms
  5 dart slugs
  6 orcs
  4 ball pythons
  4 endoplasms
  5 giant cockroaches
  14 goblins
  14 hobgoblins
  A jackal (D:6)
  2 quokkas (D:1)
  8 bats
  5 frilled lizards
  15 kobolds
  4 rats
146 creatures vanquished.

Notes
Turn   | Place    | Note
-------+----------+-------------------------------------------
     0 | D:1      | booth the Demonspawn Gladiator began the quest for the Orb.
     0 | D:1      | Reached XP level 1. HP: 16/16 MP: 1/1
   277 | D:1      | Gained mutation: You have a pair of small antennae on your
                  | head. [demonic ancestry]
   277 | D:1      | Reached XP level 2. HP: 22/22 MP: 2/2
   486 | D:1      | Found Ziego's Antique Armour Emporium.
  1014 | D:1      | Reached skill level 3 in Axes
  1130 | D:2      | Gained mutation: You may rarely emit foul miasma when
                  | damaged in melee. [demonic ancestry]
  1130 | D:2      | Reached XP level 3. HP: 27/28 MP: 3/3
  1159 | D:2      | Noticed Sigmund
  1183 | D:2      | Killed Sigmund
  1184 | D:2      | Gained mutation: You are partially covered in molten
                  | scales. (AC +2) [demonic ancestry]
  1184 | D:2      | Reached XP level 4. HP: 11/35 MP: 4/4
  1184 | D:2      | Reached XP level 5. HP: 13/41 MP: 5/5
  1341 | D:2      | Noticed Natasha
  1346 | D:2      | Killed Natasha
  1418 | D:2      | Noticed Natasha
  1433 | D:2      | Killed Natasha
  1477 | D:2      | Gained mutation: You are mostly covered in molten scales.
                  | (AC +3) [demonic ancestry]
  1477 | D:2      | Reached XP level 6. HP: 41/47 MP: 6/6
  1758 | D:2      | Noticed Natasha
  1765 | D:2      | Killed Natasha
  1955 | D:3      | Noticed Robin
  1972 | D:3      | Killed Robin
  2085 | D:3      | Reached skill level 4 in Axes
  2120 | D:3      | Found a runed translucent gate.
  2122 | D:3      | Found a runed translucent gate.
  2122 | D:3      | Found a runed translucent gate.
  2124 | D:3      | Noticed mactray's ghost (weakling GnWn)
  2124 | D:3      | Noticed wingedge's ghost (weakling DgEE)
  2383 | D:3      | Noticed Jessica
  2392 | D:3      | Killed Jessica
  2579 | D:3      | Found a faded altar of an unknown god.
  3248 | D:4      | Identified the +1 robe "Iremask" {Int+6 SInv}
  3591 | D:4      | Gained mutation: You sometimes emit foul miasma when
                  | damaged in melee. [demonic ancestry]
  3591 | D:4      | Reached XP level 7. HP: 46/54 MP: 7/7
  4014 | D:4      | Found a burning altar of Makhleb.
  4351 | D:5      | Entered Level 5 of the Dungeon
  4358 | D:5      | Found a sparkling altar of Nemelex Xobeh.
  4814 | D:5      | Reached skill level 5 in Fighting
  4814 | D:5      | Reached skill level 5 in Dodging
  5039 | D:5      | Reached skill level 5 in Axes
  5039 | D:5      | Reached XP level 8. HP: 62/62 MP: 8/8
  5115 | D:5      | Found a staircase to the Ecumenical Temple.
  5124 | Temple   | Entered the Ecumenical Temple
  5223 | Temple   | Became a worshipper of Warmaster Okawaru
  5567 | D:5      | Gained mutation: You are weak. (Str -2) [potion of
                  | mutation]
  5612 | D:6      | Noticed Menkaure
  5621 | D:6      | Killed Menkaure
  5710 | D:6      | Found a shimmering blue altar of Sif Muna.
  5867 | D:6      | Found a sacrificial altar of Ru.
  5987 | D:6      | Reached skill level 5 in Throwing
  6011 | D:6      | Reached * piety under Okawaru
  6012 | D:6      | Reached skill level 6 in Axes
  6428 | D:6      | Noticed a troll
  6438 | D:6      | HP: 3/64 [ice beast (5)]
  6439 | D:6      | Slain by a troll

Illustrated notes

Levels and vault maps discovered:
D:1:      dpeg_arrival_tiny_j, layout_loops_corners, serial_shops,
          nicolae_diamond_shop
D:2:      layout_rooms, kennysheep_generic_room_5, uniq_natasha, uniq_sigmund
D:3:      layout_basic, gammafunk_ghost_cemetery,
          chequers_ecumenical_altar_grove, uniq_robin, uniq_jessica
D:4:      layout_cave_pods, amcnicky_altar_gilded
D:5:      layout_loops_corners, kennysheep_mini, minmay_temple_entry_crystal_x
D:6:      layout_rooms, overflow_temple_1_default, jmf_multi_god_temple2,
          lemuel_mausoleum_altar_kikubaaqudgha,
          nicolae_ru_great_annihilating_truth, serial_curves, eino_curves_03,
          eino_curves_03, hangedman_abyss_or_decor_slice, serial_park_tiny_1,
          minmay_divided_ellipse, uniq_menkaure
Temple:   zaba_magenta_temple

Skill      XL: |  1  2  3  4  5  6  7  8 |
---------------+-------------------------+-----
Throwing       | 2 3 4 5 |  5.3
Dodging        | 3 4 5 |  5.8
Axes           | 3 4 5 6 |  6.4
Fighting       | 3 4 5 |  5.9

Action                     |  1- 3 |  4- 6 |  7- 9 || total
---------------------------+-------+-------+-------++-------
  Melee: War axe           |    71 |   158 |   203 ||   432
         Punch             |     1 |     1 |     4 ||     6
  Throw: Dart              |       |     4 |     7 ||    11
         Javelin           |       |     4 |     7 ||    11
    Use: Scroll            |     4 |     3 |     7 ||    14
         Potion            |     1 |     3 |     3 ||     7
   Stab: Sleeping          |     1 |       |       ||     1
 Armour: Ring mail         |    31 |    84 |   104 ||   219
  Dodge: Dodged            |    42 |   101 |   149 ||   292
